 Dungeon Crawl Stone Soup version 0.31.0-11-ge490571c62 (webtiles) character file.

Game seed: 1464849357691356203

6493 hawla the Mimic (level 10, -1/45 HPs)
             Began as a Felid Shapeshifter on Jan 27, 2024.
             Was a Believer of Makhleb.
             Slain by Gastronok (19 damage)
             ... on level 9 of the Dungeon.
             The game lasted 00:19:25 (9484 turns).

hawla the Mimic (Felid Shapeshifter)                Turns: 9484, Time: 00:19:26

Health: -1/45      AC:  2    Str: 14    XL:     10   Next: 68%
Magic:  11/11      EV: 25    Int: 15    God:    Makhleb [**....]
Gold:   330        SH:  5    Dex: 21    Spells: 9/9 levels left
                                        Lives:  0   Deaths: 4

rFire   . .          .
                       - Unarmed
rCold   . . .        (shield unavailable)
rNeg    + . .        (body armour unavailable)
rPois   .            (helmet unavailable)
rElec   .            (cloak unavailable)
rCorr   .            (gloves unavailable)
SInv    +            (boots unavailable)
Will    +....        n - amulet of reflection
Stlth   +            e - +6 ring of dexterity
HPRegen 0.27/turn    a - ring of positive energy
MPRegen 0.12/turn

%: reflection
@: flux-form, glowing
A: glow, contaminating, very small, claws 1, fangs 3, see invisible, shaggy fur
2, stealthy paws, no weapons or thrown items, no armour, multi-lived
a: Begin Untransformation, Renounce Religion, Minor Destruction


You were on level 9 of the Dungeon.
You worshipped Makhleb.
Makhleb was pleased with you.
You were something dangerously unstable.
You visited 2 branches of the dungeon, and saw 10 of its levels.

You collected 510 gold pieces.
You spent 180 gold pieces at shops.

Inventory:

Jewellery
 a - a ring of positive energy (right paw)
 e - a +6 ring of dexterity (left paw)
 n - an amulet of reflection (around neck)
 v - a ring of resist corrosion
 z - a ring of poison resistance
Talismans
 b - a beast talisman
 c - a flux talisman (active)
 d - a blade talisman
 l - a maw talisman
Wands
 g - a wand of roots (18)
 j - a wand of polymorph (2)
 u - a wand of mindburst (29)
 w - a wand of acid (4)
Scrolls
 h - a scroll of blinking
 i - 2 scrolls of enchant weapon {unknown}
 m - a scroll of amnesia {unknown}
 o - a scroll of vulnerability
 r - 3 scrolls of identify
 s - a scroll of fear {unknown}
 t - 2 scrolls of immolation {unknown}
 y - a scroll of teleportation {unknown}
Potions
 f - 3 potions of enlightenment
 k - 2 potions of curing
 p - a potion of cancellation
 q - a potion of magic
 x - a potion of mutation {unknown}
 A - a potion of heal wounds {unknown}
 C - 5 potions of lignification
Miscellaneous
 B - a phantom mirror (inert)


   Skills:
 - Level 1.0 Fighting
 - Level 6.0 Dodging
 - Level 7.0 Unarmed Combat
 + Level 12.5 Shapeshifting


You had 9 spell levels left.
You didn't know any spells.
Your spell library was empty.

Dungeon Overview and Level Annotations

Branches:
Dungeon (9/15)             Temple (1/1) D:7            Lair (0/5) D:8
    Orc: D:9-12

Altars:
Ashenzari
Dithmenos
Elyvilon
Fedhas
Gozag
Hepliaklqana
Kikubaaqudgha
Makhleb
Okawaru
Qazlal
Ru
Sif Muna
Uskayaw
Vehumet
Wu Jian
Yredelemnul
Zin
The Shining One

Shops:
D:9 *

Annotations:
D:8 3 runed translucent doors, MollyMolluskus's ghost, novice OpFi
D:9 Gastronok


Innate Abilities, Weirdness & Mutations

You are something dangerously unstable.
You glow with magical radiation, making you easy to see and hit.
Foes you strike become dangerously contaminated with magical radiation.
You have sharp claws.
You have razor-sharp teeth.
You have supernaturally acute eyesight. (SInv)
You are covered in thick fur. (AC +2)
Your paws help you pounce on unaware monsters.
You are incapable of wielding weapons or throwing items.
You cannot wear armour.
You gain extra lives every three experience levels.


Message History

C - 5 potions of lignification (gained 2) Thank you for shopping at Buah's Changing Room!
There is an open door here.
You open the door.
Found a mace.
There is an open door here.
You now have 330 gold pieces (gained 13).
Gastronok gurgles horribly!
Gastronok completely misses you.
You scratch Gastronok.
Gastronok begins to glow.
You bite Gastronok, but do no damage.
Gastronok is lightly wounded.
You scratch Gastronok.
Gastronok glows dangerously bright.
You bite Gastronok, but do no damage.
Gastronok is lightly wounded.
Gastronok bites you!
You claw Gastronok!
Gastronok shudders as magic cascades through him!!
Gastronok twists and deforms.
Gastronok is moderately wounded.
You scratch Gastronok.
Gastronok begins to glow.
Gastronok is moderately wounded.
Gastronok waves his eye-stalks in wide circles.
The air twists around and strikes you!
You are too injured to fight recklessly!
Aiming: Corrosive Bolt
Press: ? - help, Shift-Dir - straight line, f - Gastronok
Aim: Gastronok, wearing the +3 hat of Pondering {ponderous, Will+ MP+10 Int+5} (moderately wounded, contaminated, misshapen and mutated, 100% to hit)
The bolt of acid hits Gastronok!!
Gastronok is moderately wounded.
Unknown command.
Aiming: Phantom Mirror
Press: ? - help, Dir - move target, f/p - Gastronok
Aim: Gastronok, wearing the +3 hat of Pondering {ponderous, Will+ MP+10 Int+5} (moderately wounded, contaminated, misshapen and mutated)
You reflect Gastronok with the mirror!
The mirror clouds!
Gastronok casts a spell.
Gastronok puts on a burst of speed!
Gastronok bites you!!
You die...
Gastronok gurgles, "About time.
I'm starving!"

# #. #. .. .# .# ## ##
# ######w# .# .# #.#..
#...#pw###.# .# #...#.
#..#...##.. .# #.....#
#.#....##.##
###.....!.###....###..#
..†...)...............#
.....###.......###....#
....#.# .....# #.#...#
...#..# #...# #..#..#
..#...# .#.# #...#.#


You could see Gastronok (contam, misshapen, ally target) and the friendly
Gastronok (summoned, swift, contam, misshapen, drained).

Vanquished Creatures
  A two-headed ogre (D:9)
  Pikel (D:4)
  An ugly thing (D:6)
  Sigmund (D:2)
  A wyvern (D:9)
  5 yaks (D:8)
  A golden eye (D:5)
  A water moccasin (D:7)
  5 orc warriors
  4 black bears
  4 ice beasts
  4 ogres
  3 centaurs
  3 lemures
  2 phantoms
  Blork the orc (D:5)
  A kobold brigand (D:8)
  5 bullfrogs (D:8)
  A gnoll sergeant (D:8)
  2 scorpions (D:6)
  A burial acolyte (D:9)
  A howler monkey (D:6)
  5 hounds
  4 jellies
  A bombardier beetle (D:4)
  4 orc priests
  2 iguanas
  13 orc wizards
  12 gnolls
  9 adders
  A shadow imp (D:7)
  2 white imps
  An adder zombie (D:9)
  2 dart slugs
  A ribbon worm (D:5)
  48 orcs
  2 endoplasms
  2 giant cockroaches
  9 goblins
  6 hobgoblins
  6 jackals
  14 kobolds
  5 quokkas
  7 ball pythons
  7 bats
  3 frilled lizards
  2 jackal zombies (D:9)
  4 rats
  A spectral goblin (D:3)
222 creatures vanquished.

Notes
Turn   | Place    | Note
-------+----------+-------------------------------------------
     0 | D:1      | hawla the Felid Shapeshifter began the quest for the Orb.
     0 | D:1      | Reached XP level 1. HP: 10/10 MP: 2/2
   265 | D:1      | Reached XP level 2. HP: 13/14 MP: 3/3
   829 | D:2      | Reached XP level 3. HP: 18/18 MP: 4/4
   841 | D:2      | Noticed Sigmund
   855 | D:2      | Killed Sigmund
   856 | D:2      | Reached skill level 5 in Unarmed Combat
   856 | D:2      | Reached XP level 4. HP: 22/22 MP: 5/5
   856 | D:2      | Gained a life (2 lives remaining)
   856 | D:2      | Reached XP level 5. HP: 25/25 MP: 6/6
  1934 | D:3      | Found a hazy altar of Hepliaklqana.
  2075 | D:4      | Noticed a lemure
  2075 | D:4      | Noticed a lemure
  2090 | D:4      | Noticed a lemure
  2093 | D:4      | Killed a lemure
  2102 | D:3      | Killed a lemure
  2375 | D:4      | Noticed Pikel
  2375 | D:4      | Noticed a lemure
  2375 | D:4      | Noticed an ogre
  2387 | D:5      | Entered Level 5 of the Dungeon
  2393 | D:5      | Killed an ogre
  2394 | D:5      | Gained mutation: You are covered in thick fur. (AC +2)
                  | [Felid growth]
  2394 | D:5      | Reached XP level 6. HP: 16/30 MP: 7/7
  2473 | D:5      | Slain by Pikel
  2473 | D:5      | Lost a life (1 life remaining)
  2481 | D:5      | Found a glowing silver altar of Zin.
  2618 | D:5      | Noticed Edmund
  2620 | D:5      | Edmund changed into Edmund the golden eye
  2620 | D:5      | Noticed Edmund
  2632 | D:5      | Killed Edmund the golden eye
  2633 | D:5      | Reached skill level 3 in Shapeshifting
  2633 | D:5      | Reached XP level 7. HP: 31/33 MP: 8/8
  2633 | D:5      | Gained a life (2 lives remaining)
  2666 | D:4      | Noticed Ijyb
  2667 | D:4      | Ijyb changed into Ijyb the frilled lizard
  2667 | D:4      | Noticed Ijyb
  2669 | D:4      | Killed Ijyb the frilled lizard
  2718 | D:4      | Reached skill level 4 in Shapeshifting
  2825 | D:4      | Found the +8 demon blade "Leech" {evervamp, Harm ^Drain
                  | rN+}
  2972 | D:4      | Found a broken altar of Ashenzari.
  3013 | D:4      | Found a radiant altar of Vehumet.
  3434 | D:5      | Reached skill level 5 in Shapeshifting
  3455 | D:5      | Noticed Blork the orc
  3464 | D:5      | Killed Blork the orc
  3773 | D:4      | Killed Pikel
  3774 | D:4      | Reached skill level 7 in Shapeshifting
  3774 | D:4      | Reached XP level 8. HP: 11/37 MP: 9/9
  3933 | D:5      | Reached skill level 5 in Dodging
  4755 | D:6      | Reached skill level 8 in Shapeshifting
  4832 | D:6      | Reached XP level 9. HP: 34/41 MP: 10/10
  5086 | D:6      | Noticed a purple ugly thing
  5105 | D:6      | HP: 1/41 [red ugly thing (12)]
  5106 | D:6      | Demolished by a red ugly thing
  5106 | D:6      | Lost a life (1 life remaining)
  5218 | D:6      | Found a basalt altar of Yredelemnul.
  5220 | D:6      | Noticed a profane servitor
  5245 | D:6      | Found a glowing golden altar of the Shining One.
  5247 | D:6      | Noticed an angel
  5378 | D:6      | Reached skill level 9 in Shapeshifting
  5562 | D:6      | Killed a white ugly thing
  5641 | D:6      | Killed from afar by an electric eel
  5641 | D:6      | Lost a life (0 lives remaining)
  5731 | D:7      | Reached skill level 10 in Shapeshifting
  5735 | D:7      | Found a staircase to the Ecumenical Temple.
  5778 | Temple   | Entered the Ecumenical Temple
  5799 | Temple   | Became a worshipper of Makhleb the Destroyer
  6550 | D:7      | Identified the +6 whip of Sideaher {speed, rElec}
  6692 | D:7      | Found an iron altar of Okawaru.
  6923 | D:8      | Reached XP level 10. HP: 39/45 MP: 11/11
  6923 | D:8      | Gained a life (1 life remaining)
  7292 | D:8      | Reached skill level 11 in Shapeshifting
  7382 | D:8      | Reached * piety under Makhleb
  7666 | D:8      | Found a runed translucent gate.
  7667 | D:8      | Found a runed translucent gate.
  7668 | D:8      | Found a runed translucent gate.
  7671 | D:8      | Noticed MollyMolluskus's ghost (novice OpFi)
  8073 | D:8      | Found a staircase to the Lair.
  8459 | D:8      | Found a sacrificial altar of Ru.
  8670 | D:9      | Reached skill level 12 in Shapeshifting
  8828 | D:9      | Noticed Gastronok
  8842 | D:9      | Killed from afar by Gastronok
  8842 | D:9      | Lost a life (0 lives remaining)
  9121 | D:9      | Found a blossoming altar of Fedhas.
  9126 | D:9      | Noticed a two-headed ogre
  9138 | D:9      | Reached ** piety under Makhleb
  9145 | D:9      | Killed a two-headed ogre
  9329 | D:9      | Found an ancient bone altar of Kikubaaqudgha.
  9414 | D:9      | Found Buah's Changing Room.
  9425 | D:9      | Bought 2 potions of lignification for 72 gold pieces
  9425 | D:9      | Bought a potion of lignification for 36 gold pieces
  9425 | D:9      | Bought 2 potions of lignification for 72 gold pieces
  9484 | D:9      | Slain by Gastronok

Illustrated notes

Levels and vault maps discovered:
D:1:      minmay_arrival_three_doors, layout_basic
D:2:      minmay_wonky_spiral, layout_loops_ring, corexii_corridor_pit,
          kennysheep_generic_room_16, uniq_sigmund
D:3:      layout_rooms, nicolae_hepliaklqana_monster_ancestors, hex_intersection
D:4:      layout_basic, mainiacjoe_overflow_large_starburst, uniq_ijyb,
          uniq_pikel
D:5:      corexii_shantytown, layout_basic, kennysheep_mini_moat,
          uniq_blork_the_orc, uniq_edmund
D:6:      cheibrodos_two_vegetables, layout_cave_pools,
          grunt_temple_overflow_holy_war
D:7:      layout_layer_cave, old_standard_altar, minmay_temple_entry_large_hall
D:8:      layout_loops_ring, mainiacjoe_overflow_alcove_4, dpeg_oklobed_lair,
          serial_rivers, chequers_serial_rivers_marsh,
          chequers_serial_rivers_marsh, chequers_serial_rivers_micro_a,
          chequers_serial_rivers_room_b, chequers_serial_rivers_micro_c,
          chequers_serial_rivers_large_b, gammafunk_ghost_spectres
D:9:      layout_roguey, lemuel_zombie_altar_kikubaaqudgha,
          mainiacjoe_overflow_paths, hiddenorc1_lemuel,
          hangedman_decor_diamond_cutter, nicolae_transmutations_shop,
          nicolae_underground_beach, uniq_gastronok
Temple:   nicolae_temple_ecumenical_triangle

Skill      XL: |  1  2  3  4  5  6  7  8  9 10 |
---------------+-------------------------------+-----
Dodging        | 3 4 6 |  6.0
Unarmed Combat | 5 6 7 |  7.0
Shapeshifting  | 3 7 8 10 12 | 12.5
Fighting       | |  1.0

Action                     |  1- 3 |  4- 6 |  7- 9 | 10-12 || total
---------------------------+-------+-------+-------+-------++-------
  Melee: Unarmed           |    55 |   102 |   408 |   225 ||   790
         Bite              |     5 |     6 |    55 |    36 ||   102
         Punch             |       |     4 |    12 |       ||    16
  Evoke: Wand              |       |     1 |    11 |     4 ||    16
         Phantom mirror    |       |       |       |     1 ||     1
    Use: Potion            |     1 |     5 |     5 |     1 ||    12
         Scroll            |     1 |     5 |     3 |       ||     9
   Stab: Sleeping          |     1 |     3 |     1 |       ||     5
         Distracted        |       |       |     1 |       ||     1
 Armour: Skin              |    20 |    57 |    86 |    54 ||   217
  Dodge: Dodged            |    40 |    88 |   331 |   185 ||   644
  Block: Other             |       |       |    42 |    42 ||    84
         Reflection        |       |       |     3 |     3 ||     6
   Form: Flux              |       |       |     1 |       ||     1
